 Dungeon Crawl Stone Soup version 0.29-a0-857-g9b1aa3ac5b (webtiles) character file.

Game seed: 15314276146841608273

35155 jlumianski the Thaumaturge (level 13, -12/78 HPs)
             Began as a Demonspawn Ice Elementalist on July 15, 2022.
             Was a Priest of Hepliaklqana.
             Killed from afar by a frost giant (24 damage)
             ... with a bolt of cold
             ... on level 12 of the Dungeon on July 16, 2022.
             The game lasted 02:30:04 (21068 turns).

jlumianski the Thaumaturge (DsIE)                  Turns: 21068, Time: 02:30:05

Health: -12/78     AC: 15    Str: 15    XL:     13   Next: 46%
Magic:  0/28       EV: 13    Int: 17    God:    Hepliaklqana [***...]
Gold:   998        SH:  5    Dex: 12    Spells: 13/34 levels left

rFire   . . .      SeeInvis .   Q - +2 rapier (venom)
rCold   . . .      Faith    .   (no shield)
rNeg    . . .      Spirit   +   a - +0 troll leather armour
rPois   .          Reflect  +   t - +2 helmet
rElec   .          Harm     +   u - scarf {harm}
rCorr   .          Rampage  .   (no gloves)
Will    .....      Clarity  +   (no boots)
Stlth   +++.......              A - amulet of reflection
HPRegen 1.03/turn               k - +4 ring of protection
MPRegen 0.42/turn               e - ring of wizardry

@: no status effects
A: reduced essence, claws 2, slimy green scales 2, magic shield, magic
regeneration, magic link, demonic magic 2, corrupting presence 1, clarity, dopey
1, strong 1
a: Renounce Religion, Recall Ancestor, Ancestor Identity, Transference


You were on level 12 of the Dungeon.
You worshipped Hepliaklqana.
Hepliaklqana was most pleased with you.
You visited 4 branches of the dungeon, and saw 18 of its levels.
You also visited: Sewer and Bailey.

You collected 1947 gold pieces.
You spent 949 gold pieces at shops.

Inventory:

Hand Weapons
 d - the +3 quarterstaff of Boafokaq {venom, SInv}
   (You found it on level 9 of the Dungeon)

   It poisons the flesh of those it strikes.
   SInv:      It lets you see invisible.
 K - a +2 vorpal sling
 Q - a +2 rapier of venom (weapon)
Missiles
 q - 69 poisoned darts
 C - 4 javelins
 I - 2 throwing nets
 J - 23 boomerangs (quivered)
 L - 10 atropa-tipped darts
 P - 13 curare-tipped darts
Armour
 a - a +0 troll leather armour (worn)
 h - a +2 scale mail of fire resistance
 t - a +2 helmet (worn)
 u - a scarf of harm (worn)
 R - the +3 ring mail "Ycke" {rElec rN+ Will+ Int-2}
   (You found it on level 12 of the Dungeon)

   Int:       It affects your intelligence (-2).
   rElec:     It insulates you from electricity.
   rN:        It protects you from negative energy.
   Will:      It increases your willpower.
Jewellery
 e - a ring of wizardry (right claw)
 g - a ring of willpower
 k - a +4 ring of protection (left claw)
 y - a ring of fire
 A - an amulet of reflection (around neck)
 H - a ring of positive energy
 Y - a ring of willpower
Wands
 p - a wand of flame (6)
 z - a wand of charming (7)
 B - a wand of acid (2)
 G - a wand of digging (8)
 O - a wand of mindburst (17)
Scrolls
 f - 5 scrolls of identify
 i - a scroll of fear
 j - 4 scrolls of teleportation
 o - a scroll of immolation
 s - a scroll of blinking
Potions
 b - 2 potions of magic
 c - a potion of brilliance
 l - 8 potions of curing
 m - 4 potions of ambrosia
 n - 2 potions of lignification
 v - 2 potions of flight
 x - 2 potions of haste
 M - a potion of invisibility
 Z - a potion of might
Miscellaneous
 F - a box of beasts (inert)
 N - a lightning rod (4/4)


   Skills:
 + Level 3.4 Fighting
 + Level 5.5 Short Blades
 + Level 0.2 Axes
 + Level 0.2 Staves
 + Level 0.4 Ranged Weapons
 + Level 1.2 Throwing
 - Level 4.5 Armour
 + Level 5.0 Dodging
 + Level 8.0 Stealth
 - Level 2.8 Shields
 + Level 11.0 Spellcasting
 * Level 9.7 Summonings
 - Level 9.1 Ice Magic
 * Level 7.3 Invocations
 * Level 5.6 Evocations


You had 13 spell levels left.
You knew the following spells:

 Your Spells              Type           Power      Damage    Failure   Level
a - Freeze                Ice            100%       1d11      1%          1
b - Frozen Ramparts       Ice            80%        1d10      1%          3
c - Ozocubu's Armour      Ice            40%        N/A       1%          3
d - Call Canine Familiar  Summ           42%        N/A       1%          3
e - Summon Small Mammal   Summ           100%       N/A       1%          1
f - Hailstorm             Conj/Ice       24%        3d7       6%          4
g - Summon Cactus Giant   Summ           21%        N/A       11%         6

Your spell library contained the following spells:

 Spells                   Type           Power      Damage    Failure   Level
 Apportation              Tloc           18%        N/A       4%          1
 Beastly Appendage        Tmut           18%        N/A       4%          1
 Necrotise                Necr           36%        1d5       4%          1
 Shock                    Conj/Air       36%        1d5       4%          1
 Static Discharge         Conj/Air       9%         3-5/arc   6%          2
 Wereblood                Tmut           9%         N/A       6%          2
 Ignite Poison            Fire/Tmut/Pois 9%         N/A       12%         3
 Lesser Beckoning         Tloc           9%         N/A       12%         3
 Mephitic Cloud           Conj/Pois/Air  9%         N/A       12%         3
 Portal Projectile        Hex/Tloc       18%        N/A       12%         3
 Spider Form              Tmut/Pois      9%         N/A       12%         3
 Swiftness                Air            9%         N/A       12%         3
 Teleport Other           Tloc           9%         N/A       12%         3
 Tukima's Dance           Hex            9%         N/A       12%         3
 Vampiric Draining        Necr           9%         2d6       12%         3
 Summon Forest            Summ/Tloc      12%        N/A       14%         5
 Summon Mana Viper        Hex/Summ       25%        N/A       14%         5
 Freezing Cloud           Conj/Ice/Air   9%         6-21      28%         5
 Airstrike                Air            4%         0-3+      34%         4
 Leda's Liquefaction      Hex/Erth       4%         N/A       34%         4
 Agony                    Necr           9%         N/A       67%         5
 Blade Hands              Tmut           4%         N/A       67%         5
 Lee's Rapid Deconstruct  Erth           4%         3d6*      67%         5
 Lightning Bolt           Conj/Air       4%         1d16      67%         5
 Malign Gateway           Summ/Tloc      12%        N/A       98%         7
 Statue Form              Tmut/Erth      6%         N/A       99%         6
 Maxwell's Capacitive Co  Air            4%         ∞         100%        8


Dungeon Overview and Level Annotations

Branches:
Dungeon (14/15)            Temple (1/1) D:7            Lair (1/6) D:10
    Orc (2/2) D:10            Elf (0/3) Orc:2         Sewer (visited)
 Bailey (visited)
 Vaults: D:13-14

Altars:
Ashenzari
Cheibriados
Dithmenos
Fedhas
Gozag
Hepliaklqana
Kikubaaqudgha
Makhleb
Nemelex Xobeh
Okawaru
Qazlal
Ru
Sif Muna
Trog
Uskayaw
Vehumet
Wu Jian
Xom
Yredelemnul

Shops:
D:4 (   D:10 [*(   D:11 *   Orc:2 [[[=

Annotations:
D:14 1 runed translucent door, Jappaos's ghost, journeyman GnWn


Innate Abilities, Weirdness & Mutations

Your life essence is reduced to manifest your ancestor. (-10% HP)
You have very sharp fingernails.
You are mostly covered in slimy green scales. (AC +3)
When hurt, damage is shared between your health and your magic reserves.
You regenerate magic rapidly.
When low on magic, you restore magic in place of health.
Spells you cast may paralyse nearby enemies.
Your presence sometimes corrodes those you injure.
You possess an exceptional clarity of mind.
You are dopey. (Int -2)
Your muscles are strong. (Str +4, Int/Dex -1)


Message History

Magic restored.
Your cactus giant disappears in a puff of smoke!
You see here a +0 leather armour.
Zola emerges from the mists of memory!
You open the door.
There is an open door here.
You open the door.
There is an open door here.
You see here a +0 glaive.
You see here a +0 dagger.
You swap places.
Zola hits the frost giant with a +0 flail.
The frost giant casts a spell at you.
The bolt of cold hits Zola!
Zola resists.
The bolt of cold hits you!!
Zola hits the frost giant with a +0 flail!
Casting: Summon Cactus Giant (quite dangerous; 11% risk of failure)
Confirm with . or Enter, or press ? or * to list all spells.
The spell is quite dangerous to miscast (11% risk of failure)!
Continue anyway?
Malevolent energies surge around you. The frost giant casts a spell at you.
The bolt of cold hits Zola!!
Zola resists.
The bolt of cold hits you!!!
Ouch! That really hurt!
* * * LOW HITPOINT WARNING * * *
Zola barely misses the frost giant.
The frost giant points at you and mumbles some strange words.
The bolt of cold hits Zola!
Zola resists.
Zola is destroyed!
The bolt of cold misses you.
You swap places.
Your cactus giant hits the frost giant with a +0 giant spiked club!
You see here a +0 dagger.
The frost giant casts a spell at you.
The bolt of cold hits your cactus giant!!
The bolt of cold hits you!!
You die...

###...####.# #.# ##.#
#.#####.##.# #.# #.# .##.# #....#
####.##### #.# ###.# ###..#
#.....h..# ##'# # #.# #..#
#.##.###.###... ###.#####..#
#.##.# #.##.... .##........#
#.#..###.#>....
..####....#########.....##.......
..'.>......CC..)@................
..####....#########..............
.## ##.#.# #..#..####..... ##
###.# #.###.# ##.... # #.#
#..#..# ##... ##.# #.[.#.# ##'#
#..# #..##.# #.# #.## #.....# #.#
#.# ##.#### ##.#


You could see a frost giant (ally target) and a friendly cactus giant
(summoned).

Vanquished Creatures
  Josephine (D:13)
  A hydra (D:10)
  A centaur warrior (D:10)
  3 boulder beetles
  2 two-headed ogres (D:9)
  An orc high priest (Orc:1)
  A skeletal warrior (D:13)
  2 deep elf pyromancers (D:12)
  3 orc knights
  Pikel (D:9)
  The ghost of turdburglar the Skirmisher, a novice GnHu (D:5)
  2 cyclopes (D:12)
  A gargoyle (D:12)
  3 unseen horrors
  An unseen horror zombie (D:9)
  A kobold demonologist (D:5)
  A komodo dragon (D:10)
  5 trolls
  6 slime creatures (D:12)
  Sigmund (D:5)
  A wraith (D:13)
  3 wyverns
  A human (shapeshifter) (D:12)
  18 yaks
  A basilisk (D:12)
  3 steam dragons
  5 vampire mosquitoes
  3 wargs
  6 acid dragons
  3 black bears (D:10)
  17 orc warriors
  An ice beast (D:5)
  5 ogres
  6 centaurs
  2 lemures (D:9)
  15 kobold brigands
  3 bullfrogs
  2 necrophages (D:6)
  3 scorpions
  2 wights (D:9)
  12 killer bees
  3 howler monkeys (D:7)
  2 centaur zombies (D:9)
  2 hounds (D:6)
  A jelly (D:4)
  2 gnoll boudas
  5 orc priests
  An iguana (D:5)
  8 orc wizards
  A howler monkey zombie (D:9)
  13 gnolls
  18 adders
  5 river rats (Sewer)
  An ufetubus (D:5)
  3 worms
  2 dart slugs
  30 orcs
  8 ball pythons
  6 endoplasms
  3 giant cockroaches
  10 goblins
  7 hobgoblins
  8 jackals
  10 quokkas
  11 bats
  3 frilled lizards
  24 kobolds
  8 rats
345 creatures vanquished.

Vanquished Creatures (collateral kills)
  2 two-headed ogres
  3 orc knights
  A gargoyle (D:11)
  An unseen horror (D:12)
  4 trolls
  3 slime creatures (D:12)
  4 wraiths (D:13)
  5 yaks
  2 vampire mosquitoes
  2 wargs (Orc:2)
  A water moccasin (D:9)
  13 orc warriors
  A hornet zombie (D:9)
  4 ogres (Orc:1)
  7 centaurs
  A bullfrog (D:10)
  2 wights (D:9)
  3 killer bees
  2 centaur zombies (D:9)
  6 orc priests
  5 orc wizards
  A killer bee zombie (D:9)
  A howler monkey zombie (D:9)
  2 gnolls (D:8)
  29 orcs
  3 kobolds
108 creatures vanquished.

Vanquished Creatures (others)
  7 ancestors
  11 knights
  26 fungi (D:10)
  37 plants
81 creatures vanquished.

Grand Total: 534 creatures vanquished

Notes
Turn   | Place    | Note
-------+----------+-------------------------------------------
     0 | D:1      | jlumianski the Demonspawn Ice Elementalist began the quest
                  | for the Orb.
     0 | D:1      | Reached XP level 1. HP: 13/13 MP: 3/3
   397 | D:1      | Gained mutation: You regenerate magic rapidly. [demonic
                  | ancestry]
   397 | D:1      | Reached XP level 2. HP: 8/19 MP: 0/5
  1277 | D:2      | Gained mutation: When hurt, damage is shared between your
                  | health and your magic reserves. [demonic ancestry]
  1277 | D:2      | Reached XP level 3. HP: 7/24 MP: 6/6
  1281 | D:2      | Learned a level 3 spell: Frozen Ramparts
  1651 | D:3      | Found a sacrificial altar of Ru.
  1677 | D:3      | Found a radiant altar of Vehumet.
  1746 | D:3      | Found a glowing drain.
  1766 | D:3      | Reached skill level 1 in Armour
  1770 | D:3      | Found a shimmering altar of Xom.
  1776 | Sewer    | Entered a sewer
  1781 | Sewer    | Reached skill level 3 in Spellcasting
  1939 | Sewer    | Gained mutation: When low on magic, you restore magic in
                  | place of health. [demonic ancestry]
  1939 | Sewer    | Reached XP level 4. HP: 30/30 MP: 5/8
  1943 | Sewer    | Learned a level 3 spell: Ozocubu's Armour
  2478 | Sewer    | Reached XP level 5. HP: 13/35 MP: 0/10
  3129 | Sewer    | Identified a scroll of acquirement
  3129 | Sewer    | Acquired the Excursus on the Tesseract and Mustering
  3630 | D:2      | Learned a level 3 spell: Call Canine Familiar
  3682 | D:2      | Found a faded altar of an unknown god.
  3684 | D:2      | Noticed a floating eye
  3684 | D:2      | Noticed a great orb of eyes
  3689 | D:2      | Noticed a great orb of eyes
  3689 | D:2      | Noticed a shining eye
  4142 | D:3      | Gained mutation: You have sharp fingernails. [demonic
                  | ancestry]
  4142 | D:3      | Reached XP level 6. HP: 42/42 MP: 11/11
  4449 | D:3      | Found an ornate altar of the Wu Jian Council.
  5125 | D:4      | Reached skill level 1 in Summonings
  5174 | D:4      | Reached skill level 1 in Short Blades
  5266 | D:4      | Found an ancient bone altar of Kikubaaqudgha.
  5277 | D:4      | Found a snail-covered altar of Cheibriados.
  5389 | D:4      | Found Limyafe's Weapon Shop.
  5523 | D:4      | Reached skill level 4 in Spellcasting
  5857 | D:5      | Entered Level 5 of the Dungeon
  5954 | D:5      | Reached skill level 5 in Ice Magic
  5954 | D:5      | Gained mutation: Spells you cast may paralyse adjacent
                  | enemies. [demonic ancestry]
  5954 | D:5      | Reached XP level 7. HP: 47/47 MP: 13/13
  5984 | D:5      | Learned a level 1 spell: Summon Small Mammal
  6228 | D:5      | Noticed Sigmund
  6255 | D:5      | Killed Sigmund
  6256 | D:5      | Reached skill level 1 in Fighting
  6268 | D:5      | Found a broken altar of Ashenzari.
  6275 | D:5      | Found a shadowy altar of Dithmenos.
  6281 | D:5      | Found a hide-covered altar of Uskayaw.
  7001 | D:5      | Gained mutation: You occasionally shout uncontrollably at
                  | your foes. [potion of mutation]
  7002 | D:5      | Lost mutation: You occasionally shout uncontrollably at
                  | your foes. [potion of mutation]
  7002 | D:5      | Gained mutation: You possess an exceptional clarity of
                  | mind. [potion of mutation]
  7002 | D:5      | Gained mutation: You are dopey. (Int -2) [potion of
                  | mutation]
  7002 | D:5      | Gained mutation: Your muscles are strong. (Str +4, Int/Dex
                  | -1) [potion of mutation]
  7453 | D:5      | Gained mutation: You are partially covered in slimy green
                  | scales. (AC +2) [demonic ancestry]
  7453 | D:5      | Reached XP level 8. HP: 48/54 MP: 11/15
  7520 | D:6      | Reached skill level 5 in Spellcasting
  8246 | D:7      | Found a flagged portal.
  8253 | Bailey   | Entered a bailey
  8490 | Bailey   | Gained mutation: You are mostly covered in slimy green
                  | scales. (AC +3) [demonic ancestry]
  8490 | Bailey   | Reached XP level 9. HP: 41/61 MP: 14/17
  8530 | Bailey   | Reached skill level 6 in Spellcasting
  8846 | Bailey   | Found an iron altar of Okawaru.
  8998 | D:6      | Found a runed translucent gate.
  8999 | D:6      | Found a runed translucent gate.
  9000 | D:6      | Found a runed translucent gate.
  9001 | D:6      | Noticed a kobold demonologist
  9001 | D:6      | Noticed turdburglar's ghost (novice GnHu)
  9370 | D:5      | Killed turdburglar's ghost
  9519 | D:5      | Killed a kobold demonologist
  9520 | D:5      | Reached skill level 1 in Shields
  9530 | D:6      | Reached skill level 5 in Summonings
  9532 | D:6      | Reached skill level 5 in Stealth
  9829 | D:6      | Reached skill level 7 in Spellcasting
 10300 | D:7      | Found a staircase to the Ecumenical Temple.
 10306 | Temple   | Entered the Ecumenical Temple
 10483 | Temple   | Became a worshipper of Hepliaklqana the Forgotten
 11059 | D:8      | Gained mutation: Spells you cast may paralyse nearby
                  | enemies. [demonic ancestry]
 11059 | D:8      | Reached XP level 10. HP: 40/67 MP: 14/20
 11601 | D:8      | Reached * piety under Hepliaklqana
 11865 | D:9      | Found a basalt altar of Yredelemnul.
 11927 | D:8      | Reached skill level 8 in Spellcasting
 12383 | D:9      | Noticed a two-headed ogre
 12384 | D:9      | Noticed Pikel
 12389 | D:9      | Killed a two-headed ogre
 12394 | D:9      | Killed Pikel
 12530 | D:9      | Reached XP level 11. HP: 65/65 MP: 20/23
 12803 | D:9      | Identified the +3 quarterstaff of Boafokaq {venom, SInv}
 13152 | D:9      | Found an opulent altar of Gozag.
 13172 | D:9      | Noticed a two-headed ogre
 13182 | D:9      | Killed a two-headed ogre
 13314 | D:10     | Entered Level 10 of the Dungeon
 13314 | D:10     | Found Meliypytoel's Assorted Antiques.
 13323 | D:10     | Found a staircase to the Lair.
 13351 | D:10     | Reached skill level 9 in Spellcasting
 13520 | D:10     | Noticed a centaur warrior
 13866 | D:10     | Killed a centaur warrior
 13993 | D:10     | Bought a potion of curing for 84 gold pieces
 13993 | D:10     | Bought a scroll labelled BOUTZOENEI for 28 gold pieces
 13993 | D:10     | Bought a potion of curing for 84 gold pieces
 13993 | D:10     | Bought a scroll of identify for 56 gold pieces
 14047 | D:10     | Reached ** piety under Hepliaklqana
 14048 | D:10     | Remembered your ancestor Zola as a knight
 14105 | D:10     | Found Ugiu's Antique Armour Shop.
 14138 | D:10     | Noticed a two-headed ogre
 14150 | D:10     | Killed a two-headed ogre
 14151 | D:10     | Reached skill level 1 in Invocations
 14185 | D:10     | Found a blossoming altar of Fedhas.
 14347 | D:10     | Found a staircase to the Orcish Mines.
 14391 | D:10     | Noticed an orc knight
 14541 | D:10     | Killed an orc knight
 14542 | D:10     | Reached skill level 1 in Evocations
 14596 | D:10     | Found Unnir's Antique Weapon Shoppe.
 15087 | D:11     | Noticed a five-headed hydra
 15291 | D:10     | Killed a five-headed hydra
 15292 | D:10     | Gained mutation: You have very sharp fingernails. [demonic
                  | ancestry]
 15292 | D:10     | Reached XP level 12. HP: 16/72 MP: 7/25
 15884 | D:11     | Found Sufitho's Assorted Antiques.
 15928 | D:11     | Bought a scroll of identify for 52 gold pieces
 15928 | D:11     | Bought a scroll of blinking for 195 gold pieces
 16055 | D:12     | Noticed a boulder beetle
 16070 | D:12     | Noticed a boulder beetle
 16072 | D:12     | Killed a boulder beetle
 16077 | D:12     | Reached skill level 5 in Short Blades
 16559 | D:12     | Killed a boulder beetle
 16560 | D:12     | Reached skill level 10 in Spellcasting
 16700 | D:12     | Reached skill level 1 in Throwing
 16717 | D:12     | You fall into a shaft and drop 2 floors!
 16786 | D:13     | Noticed a boulder beetle
 16816 | D:13     | Killed a boulder beetle
 16817 | D:13     | Reached skill level 5 in Invocations
 16994 | D:14     | Found a runed translucent door.
 17003 | D:14     | Noticed Jappaos's ghost (journeyman GnWn)
 17073 | D:13     | Noticed Josephine
 17086 | D:13     | Killed Josephine
 17135 | D:13     | Found a hide-covered altar of Uskayaw.
 17179 | D:12     | Learned a level 4 spell: Hailstorm
 17213 | D:12     | Reached *** piety under Hepliaklqana
 17299 | D:12     | Identified the +3 ring mail "Ycke" {rElec rN+ Will+ Int-2}
 17554 | D:12     | Noticed a frost giant
 17801 | Lair:1   | Entered Level 1 of the Lair of Beasts
 17835 | Orc:1    | Entered Level 1 of the Orcish Mines
 18042 | Orc:2    | Entered Level 2 of the Orcish Mines
 18051 | Orc:2    | Gained mutation: Your presence sometimes corrodes those you
                  | injure. [demonic ancestry]
 18051 | Orc:2    | Reached XP level 13. HP: 72/77 MP: 22/27
 18751 | Orc:1    | Reached skill level 5 in Evocations
 18910 | Orc:2    | Found a radiant altar of Vehumet.
 19026 | Orc:2    | Found a staircase to the Elven Halls.
 19686 | Orc:2    | Upgraded the game from 0.29-a0-845-g6161e89988 to
                  | 0.29-a0-857-g9b1aa3ac5b
 19745 | Orc:2    | Reached skill level 5 in Dodging
 19975 | Orc:2    | Found Zoshrant's Armour Emporium.
 19975 | Orc:2    | Found Unoff's Armour Shop.
 19977 | Orc:2    | Found Biuxzeygh's Jewellery Boutique.
 19979 | Orc:2    | Found Isaxzuat's Antique Armour Shoppe.
 20058 | Orc:2    | Learned a level 6 spell: Summon Cactus Giant
 20384 | Orc:2    | Found a shimmering blue altar of Sif Muna.
 20580 | Orc:2    | Bought a ring of wizardry for 450 gold pieces
 20918 | D:12     | Reached skill level 11 in Spellcasting
 21068 | D:12     | Killed from afar by a frost giant

Illustrated notes

Levels and vault maps discovered:
D:1:      dpeg_arrival_connections, layout_rooms, serial_glass, glass_columns_a,
          glass_columns_c, glass_columns_b, glass_columns_c, minivault_19,
          chequers_jeans, minmay_ruptured
D:2:      layout_rooms, hellmonk_ecumenical_altar_watching_god,
          grunt_decor_one_mirror, corexii_item_surrounded_by_moat
D:3:      layout_loops_ring, xom_teletrap_fun, general_overflow_altar,
          mainiacjoe_overflow_boulevard, nicolae_vehumet_altar_sigil,
          serial_bayou, serial_bayou_lagoon_a, serial_bayou_lake_a,
          serial_bayou_shore_a, serial_bayou_pond_c,
          cheibrodos_sewer_entry_drain
D:4:      layout_loops_cross, chequers_temple_overflow_statue_of_worship,
          serial_shops, nicolae_shop_behind_doors, minmay_misc_feat_diagonals,
          chequers_serial_rivers_marsh
D:5:      layout_basic, minmay_overflow_temple_star_quad, uniq_sigmund
D:6:      layout_basic, gammafunk_ghost_nasty_kobolds
D:7:      layout_loops_corners, temple_statues, enter_bailey_3
D:8:      layout_basic
D:9:      layout_rooms, pdpol_temple_overflow_zin_treasury_gozag_greed,
          nicolae_yredelemnul_corpse_copse, hangedman_decor_riveting,
          grunt_ministairs_13, uniq_pikel
D:10:     layout_rooms, lemuel_doored_altar, due_lair_maze_entry_diamond,
          david_orc_5, serial_shops,
          nicolae_shop_temple_entry_statues_fountains, kennysheep_little_box,
          nicolae_stop_n_shop_1
D:11:     layout_roguey, serial_shops, nicolae_lakefront_shop
D:12:     minmay_bloctagon, layout_loops_corners, kennysheep_just_a_vault
D:13:     layout_loops_ring, special_room [special_room_orc],
          nicolae_uskayaw_en_pointe, uniq_josephine
D:14:     layout_rooms, lightli_vaults_fourway_checkpoint,
          chequers_serial_rivers_micro_d, ebering_ghost_inner_flame,
          small_statue_alley_a
Temple:   nicolae_temple_bog_church
Lair:1:   layout_cave_pods, minmay_stone_trees_small, lemuel_fruit_tree,
          grunt_megastairs_3, uniq_erica
Orc:1:    layout_diamond_mine, serial_shops
Orc:2:    st_orc_rangers, layout_caves, basic_altar, kennysheep_orc_sif_temple

Skill      XL: |  1  2  3  4  5  6  7  8  9 10 11 12 13 |
---------------+----------------------------------------+-----
Ice Magic      | 4 5 6 7 8 9 |  9.1
Armour         | 1 2 3 4 |  4.5
Spellcasting   | 3 4 5 7 8 9 10 11 | 11.0
Stealth        | 2 3 4 5 6 7 8 |  8.0
Dodging        | 2 3 4 5 |  5.0
Summonings     | 1 2 4 5 6 7 9 |  9.7
Short Blades   | 1 2 3 4 5 |  5.5
Fighting       | 1 2 3 |  3.4
Shields        | 1 2 |  2.8
Invocations    | 2 6 7 |  7.3
Evocations     | 2 4 5 |  5.6
Throwing       | 1 |  1.2
Axes           | |  0.2
Staves         | |  0.2
Ranged Weapons | |  0.4

Action                   |  1- 3 |  4- 6 |  7- 9 | 10-12 | 13-15 || total
-------------------------+-------+-------+-------+-------+-------++-------
Melee: Hand axe          |     9 |       |       |       |       ||     9
       Short sword       |    43 |    56 |       |       |       ||    99
       Rapier            |       |    28 |    31 |   193 |    80 ||   332
       Dagger            |       |    67 |   156 |       |       ||   223
       Punch             |       |       |     5 |     3 |     2 ||    10
       Sling             |       |       |    16 |       |       ||    16
       Quarterstaff      |       |       |       |     3 |       ||     3
 Fire: Sling             |       |       |       |     8 |       ||     8
Throw: Stone             |     7 |     3 |       |       |       ||    10
       Javelin           |       |       |     2 |       |       ||     2
       Boomerang         |       |       |       |    10 |       ||    10
 Cast: Freeze            |    52 |    31 |    17 |    30 |    16 ||   146
       Frozen Ramparts   |     2 |    22 |    30 |    45 |     8 ||   107
       Ozocubu's Armour  |       |     6 |     6 |    11 |     1 ||    24
       Call Canine Famil |       |       |    11 |    39 |    15 ||    65
       Summon Small Mamm |       |       |     2 |    15 |     4 ||    21
       Hailstorm         |       |       |       |       |     4 ||     4
       Summon Cactus Gia |       |       |       |       |     3 ||     3
Invok: Recall Ancestor   |       |       |       |     6 |     5 ||    11
       Ancestor Life: Kn |       |       |       |     1 |       ||     1
Evoke: Lightning rod     |       |       |       |     3 |     1 ||     4
       Wand              |       |       |       |     1 |     2 ||     3
       Box of beasts     |       |       |       |     1 |       ||     1
  Use: Scroll            |       |    12 |     6 |     7 |     2 ||    27
       Potion            |       |     3 |     3 |       |     1 ||     7
 Stab: Sleeping          |       |     6 |     3 |     3 |     1 ||    13
       Paralysed         |       |       |    17 |    40 |     6 ||    63
       Distracted        |       |       |       |     1 |     3 ||     4
Armor: Robe              |     5 |       |       |       |       ||     5
       Leather armour    |    30 |    98 |    78 |   125 |       ||   331
       Ring mail         |       |       |       |     2 |     5 ||     7
       Troll leather arm |       |       |       |       |    39 ||    39
Dodge: Dodged            |    69 |   141 |    77 |   169 |   115 ||   571
Block: Other             |       |     1 |    46 |    64 |    57 ||   168
       Reflection        |       |       |     7 |     3 |    30 ||    40

Table legend: (Time is in decaauts)
 A = Elapsed time spent in this place.
 B = Non-inter-level travel time spent in this place.
 C = Inter-level travel time spent in this place.
 D = Time resting spent in this place.
 E = Time spent auto-exploring this place.
 F = Levels seen in this place.
 G = Mean time per level.
                   A        B        C        D        E       F      G
               +--------+--------+--------+--------+--------+-----+--------+
         Total |  21425 |  20902 |    523 |   4358 |   8864 |  20 | 1071.2 |
       Dungeon |  15904 |  15446 |    458 |   2646 |   7986 |  14 | 1136.0 |
        Temple |    198 |    180 |     18 |      0 |    126 |   1 |  198.0 |
          Lair |      4 |      2 |      2 |      0 |      0 |   1 |    4.0 |
  Orcish Mines |   2805 |   2761 |     44 |    845 |    446 |   2 | 1402.5 |
         Sewer |   1886 |   1886 |      0 |    539 |    305 |   1 | 1886.0 |
        Bailey |    626 |    626 |      0 |    328 |      0 |   1 |  626.0 |
               +--------+--------+--------+--------+--------+-----+--------+

Top non-repeatable levels by time:
     D:5: 2129 daAuts
   Sewer: 1886 daAuts
     D:9: 1699 daAuts
   Orc:1: 1629 daAuts
    D:10: 1495 daAuts
    D:12: 1456 daAuts
     D:3: 1409 daAuts
     D:8: 1275 daAuts
     D:1: 1261 daAuts
   Orc:2: 1175 daAuts
     D:7: 1164 daAuts
    D:11: 1008 daAuts
     D:6: 930 daAuts
     D:2: 858 daAuts
     D:4: 784 daAuts
